Map: Bel'Shir Vestige LE (Void)

Players

Loken - Winner!

  • Race: Zerg Zerg
  • League: Platinum
  • Spawn Location: 11:00

Natiking

  • Race: Protoss Protoss
  • Spawn Location: 5:00

VOD

Have the link to the VOD?

Description

Time

  • Played on: April 10, 2017, 6:30 p.m.
  • Length: 5:06
Show
View Real Time Build Order
Export as new Build Order

Loken Zerg - Winner!

Build Orders: Hatch First 

Get SALT Encoding   

  12  0:02  Drone  
  13  0:09  Drone  
  14  0:17  Overlord  
  14  0:38  Drone x3  
  17  0:56  Hatchery  
  16  1:10  Spawning Pool  
  15  1:32  Drone x3  
  18  1:48  Extractor  
  17  1:58  Queen  
  19  2:02  Zergling x4  
  19  2:06  Drone  
  22  2:10  Hatchery  
  22  2:12  Queen  
  23  2:16  Drone  
  24  2:28  Drone  
  25  2:35  Drone x3  
  28  2:53  Spine Crawler  
  28  2:56  Spine Crawler  
  26  2:59  Spine Crawler  
  25  3:11  Zergling x6  
  28  3:14  Overlord x2  
  28  3:22  Metabolic Boost  
  28  3:36  Zergling x10  
  33  3:46  Queen  
  35  4:12  Spine Crawler  
  35  4:13  Spine Crawler  
  33  4:19  Zergling x2  
  33  4:20  Zergling x10  
  39  4:31  Drone  
  39  4:32  Drone x2  
Show
View Real Time Build Order
Export as new Build Order

Natiking Protoss 

Build Orders:  

Get SALT Encoding   

  12  0:01  Probe (Chrono Boost)  
  13  0:12  Probe (Chrono Boost)  
  14  0:22  Probe (Chrono Boost)  
  14  0:23  Pylon  
  15  0:41  Probe (Chrono Boost)  
  16  0:52  Probe (Chrono Boost)  
  17  1:02  Probe (Chrono Boost)  
  18  1:05  Pylon  
  18  1:24  Gateway  
  18  1:26  Gateway  
  18  1:31  Gateway  
  18  1:33  Pylon  
  18  1:36  Probe (Chrono Boost)  
  19  1:58  Probe (Chrono Boost)  
  19  2:00  Nexus  
  20  2:07  Assimilator  
  21  2:08  Probe (Chrono Boost)  
  21  2:13  Zealot  
  23  2:16  Zealot  
  25  2:23  Pylon  
  25  2:32  Zealot  
  27  2:40  Zealot  
  29  2:45  Zealot  
  31  3:07  Zealot  
  31  3:09  Forge  
  31  3:11  Zealot  
  35  3:12  Zealot  
  35  3:18  Probe (Chrono Boost)  
  38  3:20  Probe (Chrono Boost)  
  39  3:29  Probe (Chrono Boost)  
  39  3:31  Probe (Chrono Boost)  
  43  3:34  Zealot  
  43  3:54  Photon Cannon  
  43  3:58  Zealot  
  45  4:02  Zealot  
  45  4:03  Cybernetics Core  
  45  4:05  Zealot  
  49  4:26  Zealot  
  49  4:27  Pylon  
  51  4:31  Zealot  
  51  4:32  Zealot  
  51  4:35  Probe (Chrono Boost)  
  56  4:46  Probe (Chrono Boost)  
  56  4:52  Pylon  
Tags
 
Add a new tag
Caveats
  • Supply blocks, unpowered buildings, or Contaminate may cause inaccurate times.
  • Supply counts are checked every 10 seconds.